Map: Ley Lines

Players

trigger

  • Race: Protoss Protoss
  • Spawn Location: 1:00

Maru - Winner!

  • Race: Terran Terran
  • Spawn Location: 7:00

Event: Esports World Cup 2025

VOD

Have the link to the VOD?

Description

Time

  • Played on: July 22, 2025, 10:51 a.m.
  • Length: 7:48

All games in this series

Show
View Real Time Build Order
Export as new Build Order

trigger Protoss 

Build Orders: 1 Gate Expand, Phoenix Opening, Blink Stalkers 

Get SALT Encoding   

  12  0:00  Probe  
  13  0:12  Probe  
  14  0:18  Pylon  
  14  0:23  Probe  
  15  0:32  Probe  
  15  0:37  Gateway  
  15  0:40  Probe  
  16  0:46  Assimilator  
  17  0:52  Probe  
  18  1:04  Probe  
  20  1:26  Cybernetics Core  
  20  1:29  Nexus  
  20  1:31  Probe  
  20  1:38  Pylon  
  20  1:44  Assimilator  
  20  1:45  Probe  
  21  1:51  Stalker  
  21  1:57  Probe  
  24  2:09  Probe, Stalker  
  24  2:14  Warp Gate  
  25  2:18  Shield Battery  
  25  2:21  Probe  
  28  2:28  Stalker  
  28  2:33  Probe  
  29  2:42  Probe  
  32  2:45  Probe  
  33  2:54  Probe, Sentry  
  33  2:57  Pylon  
  33  2:58  Probe  
  37  3:00  Phoenix  
  37  3:06  Probe  
  37  3:08  Twilight Council  
  37  3:10  Probe  
  39  3:19  Probe  
  40  3:22  Probe  
  40  3:25  Gateway  
  41  3:31  Probe  
  43  3:34  Probe  
  43  3:37  Blink  
  43  3:41  Probe  
  43  3:46  Probe  
  44  3:49  Probe  
  44  3:58  Probe x2  
  44  4:01  Nexus  
  46  4:04  Stalker  
  48  4:10  Probe  
  46  4:17  Probe  
  46  4:22  Stalker  
  46  4:23  Probe  
  43  4:29  Probe  
  43  4:35  Probe  
  44  4:41  Probe  
  44  4:43  Probe  
  45  4:50  Robotics Facility  
  45  4:51  Probe  
  46  4:56  Probe  
  46  5:02  Probe  
  46  5:03  Phoenix, Forge  
  46  5:06  Gateway  
  47  5:07  Gateway  
  47  5:08  Probe  
  47  5:09  Probe  
  49  5:14  Probe  
  49  5:16  Probe  
  49  5:17  Probe  
  52  5:24  Probe  
  52  5:27  Probe  
  54  5:28  Probe  
  54  5:29  Stalker x2  
  54  5:35  Probe  
  59  5:36  Protoss Ground Weapons Level 1  
  59  5:37  Observer, Pylon, Charge  
  59  5:39  Probe  
  62  5:43  Probe  
  62  5:47  Probe  
  65  5:57  Gateway  
  65  5:58  Gateway  
  65  6:01  Stalker x2  
  68  6:08  Shield Battery  
  68  6:09  Shield Battery, Sentry  
  70  6:17  Zealot  
  70  6:18  Pylon  
  72  6:20  Pylon  
  74  6:26  Zealot  
  74  6:27  Pylon  
  76  6:34  Pylon  
  76  6:37  Zealot x2  
  64  6:49  Zealot  
  61  6:55  Zealot x2  
  61  6:58  Zealot x2  
  61  7:00  Probe  
  61  7:01  Probe x2  
  72  7:10  Zealot  
  72  7:13  Probe  
  75  7:19  Probe  
  75  7:20  Probe  
  52  7:25  Probe  
  52  7:26  Stalker x2  
  36  7:31  Probe  
  36  7:32  Probe, Zealot  
Show
View Real Time Build Order
Export as new Build Order

Maru Terran - Winner!

Build Orders: Hellion Opening 

Get SALT Encoding   

  12  0:00  SCV  
  13  0:12  SCV  
  14  0:17  Supply Depot  
  14  0:24  SCV  
  14  0:28  Refinery  
  15  0:39  SCV  
  16  0:44  Barracks  
  16  0:51  SCV  
  17  1:03  SCV  
  18  1:04  Engineering Bay  
  18  1:15  SCV  
  19  1:31  Marine  
  19  1:32  Orbital Command, Factory  
  20  1:40  Supply Depot  
  20  1:50  Barracks Reactor  
  20  1:58  SCV  
  21  2:10  SCV  
  22  2:16  Command Center  
  22  2:29  Hellion x2  
  26  2:32  Supply Depot  
  26  2:35  Barracks Tech Lab  
  26  2:37  SCV  
  27  2:50  Hellion x2  
  31  2:54  SCV  
  31  2:58  Barracks  
  32  3:00  Marine  
  33  3:06  SCV  
  33  3:11  Hellion  
  36  3:14  Hellion  
  36  3:19  Stimpack  
  38  3:21  SCV  
  39  3:29  Orbital Command  
  39  3:33  SCV  
  38  3:45  SCV  
  38  3:48  Factory Tech Lab  
  37  3:52  Marine x2  
  37  3:53  Marine  
  40  3:58  SCV  
  40  3:59  Barracks  
  41  4:03  SCV  
  41  4:06  Siege Tank  
  45  4:10  Marine, SCV  
  45  4:13  Marine x2  
  45  4:15  SCV  
  48  4:22  SCV  
  47  4:24  Barracks  
  47  4:28  Marine, SCV  
  47  4:31  Marine  
  45  4:33  Marine  
  45  4:34  SCV  
  43  4:38  Siege Tank  
  43  4:40  SCV  
  45  4:46  Marine, SCV  
  45  4:48  Supply Depot, Marine  
  45  4:50  Marine  
  45  4:52  SCV  
  48  4:54  Marine  
  48  4:58  Supply Depot, SCV  
  50  5:01  Combat Shield  
  50  5:04  Marine  
  51  5:09  Marine x2  
  51  5:12  Marine x2  
  55  5:21  Marine, SCV  
  55  5:22  SCV  
  55  5:26  Marine  
  55  5:27  Marine  
  60  5:29  Marine  
  60  5:30  Supply Depot, Marine  
  62  5:38  Siege Tank  
  62  5:39  Marine  
  62  5:40  SCV  
  62  5:42  SCV  
  68  5:44  Marine x2  
  68  5:45  Supply Depot  
  68  5:47  Marine  
  70  5:52  Marine  
  70  5:53  SCV  
  70  5:54  SCV  
  73  5:57  Marine  
  73  6:02  Marine x2  
  76  6:05  Marine, SCV  
  76  6:09  Marine  
  78  6:15  Marine  
  78  6:20  Marine x2  
  78  6:23  Marine  
  79  6:27  Marine  
  80  6:33  Marine, Siege Tank  
  80  6:38  Marine x2  
  77  6:41  Marine  
  77  6:43  SCV  
  77  6:45  Marine  
  76  6:50  Marine  
  76  6:52  SCV  
  76  6:55  Marine  
  76  6:56  Marine  
  76  6:59  Marine  
  78  7:03  Marine  
  78  7:08  Marine  
  78  7:13  Marine  
  78  7:14  Marine  
  78  7:15  Siege Tank  
  83  7:16  Marine  
  83  7:21  Marine  
  81  7:26  Marine  
  81  7:28  SCV  
Tags
 
Add a new tag
Caveats
  • Supply blocks, unpowered buildings, or Contaminate may cause inaccurate times.
  • Supply counts are checked every 10 seconds.